 Dungeon Crawl Stone Soup version 0.27.1-34-g3ba077fa99 (webtiles) character file.

Game seed: 6234453577361690972

77 keronterestyx the Magician (level 4, -2/31 HPs)
             Began as a Djinni Fire Elementalist on Jan 9, 2022.
             Killed from afar by an orc wizard (5 damage)
             ... with a magic dart
             ... on level 3 of the Dungeon.
             The game lasted 00:08:43 (3357 turns).

keronterestyx the Magician (DjFE)                   Turns: 3357, Time: 00:08:45

Health: -2/31      AC:  3    Str:  4 (7)  XL:     4   Next: 60%
Gold:   138        EV: 12    Int: 15 (17) God:
                   SH:  0    Dex: 11 (14)

rFire    + + .     SeeInvis .   e - +0 flail
rCold    x . .     Faith    .   (no shield)
rNeg     . . .     Spirit   .   a - +0 robe
rPois    ∞         Reflect  .   h - +1 hat
rElec    .         Harm     .   (no cloak)
rCorr    .         Rampage  .   (no gloves)
Will     .....                  (boots unavailable)
Stlth    ++........             (no amulet)
HPRegen  0.10/turn              (no ring)
MPRegen  0.00/turn              (no ring)

@: attractive, flying
A: sickness immunity, fire resistance 2, cold vulnerability 1, float, innate
caster, hp casting, extra vitality 1
a: no special abilities


You were on level 3 of the Dungeon.
You visited 1 branch of the dungeon, and saw 3 of its levels.

You collected 138 gold pieces.

Inventory:

Hand Weapons
 e - a +0 flail (weapon)
Armour
 a - a +0 robe (worn)
 h - a +1 hat (worn)
Scrolls
 b - 2 scrolls of summoning {unknown}
 f - 2 scrolls of amnesia {unknown}
 g - 2 scrolls of identify {unknown}
Potions
 i - a potion of resistance {unknown}
 j - 2 potions of curing {unknown}


   Skills:
 + Level 3.1 Dodging
 + Level 2.3 Stealth
 * Level 3.2 Spellcasting


You couldn't memorise any spells.
You knew the following spells:

 Your Spells              Type           Power      Damage    Failure   Level
a - Foxfire               Conj/Fire      48%        2x1d6     5%          1
b - Conjure Flame         Conj/Fire      12%        6-21      16%         3
c - Inner Flame           Hex/Fire       12%        N/A       16%         3
d - Sticky Flame          Conj/Fire      12%        2d4       45%         4
e - Fireball              Conj/Fire      6%         3d5       82%         5
f - Shock                 Conj/Air       48%        1d6       5%          1
Your spell library was empty.

Dungeon Overview and Level Annotations

Branches:
Dungeon (3/15)

Altars:

Shops:
D:2 [


Innate Abilities, Weirdness & Mutations

You are immune to sickness and miasma.
You are immune to poison.
Your flesh is very heat resistant. (rF++)
You are vulnerable to cold. (rC-)
You float through the air rather than walking.
You learn spells naturally, not from books.
Your magical power is your life essence.
You have superior vitality. (+4 HP)


Message History

The adder bites you but does no damage.
Your foxfire dissipates!
The foxfire hits the adder.
The adder is severely wounded.
The adder barely misses you. The adder closely misses you.
The adder closely misses you. The adder closely misses you.
The adder barely misses you. The adder barely misses you.
The adder barely misses you. The adder misses you.
Found a hunting sling.
The adder closely misses you. The adder bites you.
* * * LOW HITPOINT WARNING * * *
Found a scroll labelled MECO INANEXIOQ.
You see here a +0 hunting sling.
The adder bites you.
* * * LOW HITPOINT WARNING * * *
An orc and an orc wizard come into view.
The orc wizard shouts!
You hear a shout!
An orc comes into view. It is wielding a +0 hand axe.
The adder bites you.
* * * LOW HITPOINT WARNING * * *
The orc wizard hits you with a +0 dagger.
* * * LOW HITPOINT WARNING * * *
It was a potion of degeneration.
There was something very wrong with that liquid.
You feel weakened.
You feel dopey.
You feel clumsy. The adder barely misses you.
The orc hits you but does no damage.
The orc wizard hits you with a +0 dagger.
* * * LOW HITPOINT WARNING * * *
It was a potion of attraction.
You feel attractive to monsters. The adder misses you.
The orc hits you with a +0 hand axe.
* * * LOW HITPOINT WARNING * * *
The orc wizard casts a spell at you. The magic dart hits you.
You die...

#.##.####.###.#
#.#.#.#.#
#.....#.....#.#
#.#..[#..
####..#####.#.#
#.###.###
#......#.#.#
#.....#
#######...##.#
#)# #######
.......<..##.#
#.#
.###########.#
#o####
.#...........#
#Soo.#
.#...#########
#@o#.# .#.#.#
#?.# # .#.#.#
#..# .###.#
#..# .....#
#### ######


You could see an orc wizard, an adder and 3 orcs.

Vanquished Creatures
  A gnoll (D:2)
  A worm (D:2)
  A dart slug (D:3)
  2 orcs
  3 bats
  4 endoplasms
  3 giant cockroaches
  4 goblins
  5 hobgoblins
  8 jackals
  3 quokkas (D:1)
  3 ball pythons
  4 frilled lizards
  7 kobolds (D:1)
  6 rats
55 creatures vanquished.

Vanquished Creatures (collateral kills)
  A foxfire (D:2)
1 creature vanquished.

Vanquished Creatures (others)
  143 foxfires
143 creatures vanquished.

Grand Total: 199 creatures vanquished

Notes
Turn   | Place    | Note
-------+----------+-------------------------------------------
     0 | D:1      | keronterestyx the Djinni Fire Elementalist began the quest
                  | for the Orb.
     0 | D:1      | Reached XP level 1. HP: 15/15 MP: 0/0
   421 | D:1      | Reached XP level 2. HP: 19/21 MP: 0/0
   747 | D:1      | Reached XP level 3. HP: 24/25 MP: 0/0
   747 | D:1      | Learned a level 1 spell: Shock
  2283 | D:2      | Found Ciew's Antique Armour Emporium.
  2390 | D:2      | Reached XP level 4. HP: 30/31 MP: 0/0
  2862 | D:2      | Found a faded altar of an unknown god.
  3357 | D:3      | Killed from afar by an orc wizard

Illustrated notes

Levels and vault maps discovered:
D:1:      lemuel_arrival_tunnels, layout_basic, minmay_misc_feat_square,
          serial_bayou_crossing
D:2:      layout_loops_cross, serial_shops, shop_fountains,
          ebering_ecumenical_altar_webs, kennysheep_nondescript,
          cheibrodos_gnoll_hut
D:3:      cheibrodos_pilgrimage, layout_basic, trog_hazing_becter, uniq_sigmund,
          uniq_jessica

Skill      XL: |  1  2  3  4 |
---------------+-------------+-----
Stealth        | 2 |  2.3
Spellcasting   | 3 |  3.2
Dodging        | 3 |  3.1

Action                   |  1- 3 |  4- 6 || total
-------------------------+-------+-------++-------
Melee: Flail             |     1 |       ||     1
 Cast: Foxfire           |    78 |    44 ||   122
  Use: Potion            |       |     2 ||     2
Armor: Robe              |     5 |     6 ||    11
Dodge: Dodged            |    25 |    32 ||    57
